Map: King Sejong Station LE

Players

Nashville - Winner!

  • Race: Protoss Protoss
  • League: Platinum
  • Spawn Location: 11:00

ECHO

  • Race: Terran Terran
  • League: Diamond
  • Spawn Location: 5:00

VOD

Have the link to the VOD?

Description

Time

  • Played on: June 2, 2016, 8:36 p.m.
  • Length: 4:39
Show
View Real Time Build Order
Export as new Build Order

Nashville Protoss - Winner!

Build Orders:  

Get SALT Encoding   

  12  0:01  Probe (Chrono Boost)  
  13  0:12  Probe (Chrono Boost)  
  14  0:20  Pylon  
  14  0:23  Probe (Chrono Boost)  
  15  0:38  Probe (Chrono Boost)  
  15  0:41  Gateway  
  16  0:48  Assimilator  
  16  0:49  Probe (Chrono Boost)  
  17  0:59  Probe (Chrono Boost)  
  17  1:01  Assimilator  
  18  1:10  Probe (Chrono Boost)  
  19  1:13  Gateway  
  19  1:20  Probe (Chrono Boost)  
  20  1:29  Cybernetics Core  
  20  1:31  Probe (Chrono Boost)  
  21  1:36  Pylon  
  21  1:42  Probe (Chrono Boost)  
  22  1:52  Probe (Chrono Boost)  
  23  2:05  Stalker  
  23  2:06  Stalker  
  23  2:07  Warp Gate (Chrono Boost)  
  27  2:20  Robotics Facility  
  27  2:35  Stalker  
  27  2:36  Stalker  
  31  2:44  Pylon  
  31  2:56  Gateway  
  31  3:05  Stalker  
  31  3:10  Stalker  
  35  3:27  Immortal  
  39  3:34  Pylon  
  39  3:55  Stalker x2  
  43  3:58  Stalker  
  41  4:35  Stalker x3  
Show
View Real Time Build Order
Export as new Build Order

ECHO Terran 

Build Orders: Reaper Expand 

Get SALT Encoding   

  12  0:01  SCV  
  13  0:13  SCV  
  14  0:17  Supply Depot  
  14  0:25  SCV  
  15  0:39  SCV  
  15  0:41  Barracks  
  16  0:46  Refinery  
  16  0:51  SCV  
  17  1:03  SCV  
  18  1:15  SCV  
  19  1:29  Orbital Command  
  19  1:32  Reaper  
  20  1:58  Command Center, SCV  
  21  2:04  Barracks Reactor  
  21  2:10  SCV  
  22  2:23  SCV  
  22  2:24  Refinery, Barracks  
  22  2:25  Supply Depot  
  23  2:33  Factory  
  23  2:46  Marine x2, SCV  
  26  2:55  Bunker  
  26  2:59  SCV  
  27  3:07  Marine x2  
  27  3:11  Barracks Tech Lab, SCV x2  
  31  3:14  Engineering Bay  
  31  3:18  Factory Tech Lab  
  30  3:23  SCV  
  31  3:30  Orbital Command  
  31  3:32  Marine  
  32  3:40  Starport  
  32  3:47  Marine  
  33  3:49  Marauder  
  33  3:50  SCV  
  38  3:56  Siege Tank  
  38  4:02  SCV  
  40  4:09  Missile Turret  
  40  4:10  Missile Turret  
  40  4:12  Marine, SCV  
Tags
 
Add a new tag
Caveats
  • Supply blocks, unpowered buildings, or Contaminate may cause inaccurate times.
  • Supply counts are checked every 10 seconds.